AoeStats
← sT_K'cifer!

Arena

510460094Analyzed
4v4 RM · 9h ago on Oct 1, 2026· 32m 53s· 8 players
Game mode
Random Map
Map size
Large (8 player)
Population
200
Speed
Normal
Resources
Standard
Victory
Conquest
Starting age
Dark Age
Ending age
Imperial Age
RankedLock teamsTeams togetherTeam positionsShared explorationLock speedFull tech treeHidden civsTurbo modeCheats
Victory
Defeat
🇨🇴 Wei · Colombia
1270
+10
🇺🇸 Italians · United States
1255
+10
🇨🇳 Persians · China
1249
+11
🇮🇹 Goths · Italy
1208
+12
🇦🇷 Romans · Argentina
1263
-15
🇦🇷 Cumans · Argentina
1170
-12
🇦🇷 Spanish · Argentina
1118
-10
🇦🇷 Franks · Argentina
967
-6
yogieberere
10:05 Feudal Age
11:26 Town Watch
12:44 Wheelbarrow
12:06 Loom
15:26 Castle Age
13:17 Double-Bit Axe
15:02 Horse Collar
16:24 Loom
26:35 Imperial Age
24:38 Fletching
26:15 Bodkin Arrow
26:29 Padded Archer Armor
27:26 Bracer
28:35 Chemistry
30:00 Conscription
30:07 Bow Saw
30:17 Murder Holes
30:46 Fortified Wall
32:20 Heavy Plow
MLT | Bombad Gastald
11:19 Feudal Age
12:28 Double-Bit Axe
15:09 Castle Age
12:55 Horse Collar
13:57 Man-at-Arms
17:11 Long Swordsman
20:22 Scale Mail Armor
23:30 Squires
24:59 Pikeman
28:41 Heavy Plow
31:34 Bow Saw
sT_K'cifer!
11:11 Feudal Age
14:55 Castle Age
12:56 Double-Bit Axe
13:39 Horse Collar
14:51 Gold Mining
16:18 Wheelbarrow
17:12 Bow Saw
23:16 Heavy Plow
27:57 Hand Cart
28:39 Stone Mining
29:27 Gold Shaft Mining
29:26 Loom
32:26 Imperial Age
29:47 Loom
30:10 Scale Barding Armor
30:22 Town Watch
30:49 Bloodlines
30:53 Forging
31:58 Chain Barding Armor
31:43 Husbandry
32:37 Heavy Hei Guang Cavalry
33:55 Iron Casting
33:44 Conscription
33:53 Ming Guang Armor
YUZ
10:39 Feudal Age
14:31 Castle Age
13:00 Horse Collar
13:45 Double-Bit Axe
14:38 Gold Mining
23:46 Wheelbarrow
27:03 Gold Shaft Mining
26:29 Heavy Plow
26:43 Bow Saw
29:07 Imperial Age
28:33 Scale Barding Armor
28:39 Forging
28:47 Stone Mining
29:16 Hand Cart
29:24 Bloodlines
29:15 Husbandry
28:52 Cavalier
30:04 Chain Barding Armor
31:20 Two-Man Saw
30:52 Crop Rotation
31:25 Iron Casting
30:18 Savar
31:49 Plate Barding Armor
Ipower
10:21 Feudal Age
11:02 Loom
14:10 Castle Age
12:28 Double-Bit Axe
12:37 Horse Collar
16:41 Bow Saw
22:32 Fletching
Joelrp
9:19 Loom
11:28 Feudal Age
13:03 Double-Bit Axe
20:35 Castle Age
19:19 Gold Mining
21:59 Bow Saw
23:15 Wheelbarrow
22:36 Stone Mining
25:43 Pikeman
30:52 Scale Barding Armor
thomyrron
11:52 Feudal Age
10:11 Loom
15:58 Castle Age
14:13 Double-Bit Axe
15:46 Gold Mining
19:50 Horse Collar
27:36 Padded Archer Armor
Atilafiorito
7:28 Loom
10:08 Feudal Age
10:48 Double-Bit Axe
12:10 Horse Collar
18:22 Gold Mining
19:19 Gold Mining
23:14 Castle Age
21:25 Scale Barding Armor
21:31 Bloodlines
22:47 Wheelbarrow
24:21 Chain Barding Armor
24:14 Bow Saw
24:07 Heavy Plow
24:41 Forging
26:02 Gold Shaft Mining
28:39 Hand Cart
Connection lost

Rejoining the realm…

Still unreachable

The connection could not be restored.

Session expired

The server has moved on; the page needs a fresh start.